 Dungeon Crawl Stone Soup version 0.28.0-49-g6dfe1f597d (webtiles) character file.

Game seed: 586770815034979005

32358 101zpm the Eclecticist (level 14, -9/85 HPs)
             Began as a Djinni Fire Elementalist on May 15, 2022.
             Mangled by a skeletal warrior
             ... wielding a +2 glaive of venom
             ... led by a skeletal warrior
              (23 damage)
             ... on level 12 of the Dungeon.
             The game lasted 00:56:17 (17329 turns).

101zpm the Eclecticist (Djinni Fire Elementalist)  Turns: 17329, Time: 00:56:17

Health: -9/85      AC:  8    Str:  7    XL:     14   Next: 2%
Gold:   1228       EV: 13    Int: 20    God:
                   SH:  0    Dex: 16

rFire   + + .      SeeInvis .   J - +7 staff of the Meek {protect, meekguard}
rCold   x . .      Faith    .   (shield currently unavailable)
rNeg    . . .      Spirit   .   a - +0 robe
rPois   ∞          Reflect  .   h - +0 helmet
rElec   .          Harm     .   A - scarf {shadows}
rCorr   .          Rampage  .   B - +0 pair of gloves
Will    +....                   (boots unavailable)
Stlth   +++.......              G - amulet of regeneration
HPRegen 1.04/turn               M - +4 ring of protection
MPRegen 0.00/turn               (no ring)

@: flying, very slightly contaminated
A: sickness immunity, fire resistance 2, cold vulnerability 1, float, innate
caster, HP casting, extra vitality 1
a: no special abilities


You were on level 12 of the Dungeon.
You visited 2 branches of the dungeon, and saw 14 of its levels.
You also visited: Sewer.

You collected 1300 gold pieces.
You spent 72 gold pieces at shops.

Inventory:

Hand Weapons
 q - a +1 flail of protection
 J - the +7 staff of the Meek (weapon) {protect, meekguard}
   (You found it on level 7 of the Dungeon)

   It grants its wielder temporary protection when it strikes (+7 to AC).
   It provides extra protection to wielders with little health.
Missiles
 r - 95 sling bullets
Armour
 a - a +0 robe (worn)
 h - a +0 helmet (worn)
 A - a scarf of shadows (worn)
 B - a +0 pair of gloves (worn)
 K - a +0 buckler
 P - the +6 chain mail of Responsibility {Contam +Blink rElec Str-5}
   (You found it on level 10 of the Dungeon)

   Str:       It affects your strength (-5).
   rElec:     It insulates you from electricity.
   +Blink:    It lets you blink.
   Contam:    It causes magical contamination when unequipped.
Magical Staves
 x - a staff of air
Jewellery
 C - an amulet of reflection
 G - an amulet of regeneration (around neck)
 M - a +4 ring of protection (left hand)
Wands
 n - a wand of acid (5)
 p - a wand of polymorph (8)
 w - a wand of paralysis (8)
 z - a wand of digging (5)
 N - a wand of iceblast (26)
 R - a wand of flame (18)
Scrolls
 b - 5 scrolls of teleportation
 c - 2 scrolls of brand weapon
 d - a scroll of fear
 e - 2 scrolls of holy word
 i - 5 scrolls of fog
 k - 5 scrolls of vulnerability
 m - 3 scrolls of immolation
 s - 2 scrolls of magic mapping {unknown}
 y - a scroll of torment {unknown}
 D - a scroll of noise {unknown}
 F - 2 scrolls of enchant weapon {unknown}
 H - a scroll of acquirement {unknown}
 I - a scroll of silence {unknown}
 S - a scroll of enchant armour {unknown}
 T - a scroll of amnesia {unknown}
 U - a scroll of identify
 V - a scroll of blinking {unknown}
Potions
 f - 5 potions of berserk rage {unknown}
 g - 3 potions of heal wounds {unknown}
 j - a potion of degeneration {unknown}
 o - 2 potions of haste
 t - 3 potions of curing {unknown}
 u - 3 potions of invisibility
 v - a potion of lignification {unknown}
 E - a potion of flight {unknown}
 L - 2 potions of experience {unknown}
 O - a potion of cancellation {unknown}
 Q - a potion of might {unknown}
 W - a potion of attraction {unknown}
Miscellaneous
 l - a lightning rod (4/4)


   Skills:
 + Level 2.5 Fighting
 + Level 4.0 Dodging
 + Level 4.5 Stealth
 + Level 17.0 Spellcasting


You had 15 spell levels left.
You knew the following spells:

 Your Spells              Type           Power      Damage    Failure   Level
a - Foxfire               Conj/Fire      100%       2x1d9     0%          1
b - Scorch                Fire           100%       2d10      0%          2
c - Conjure Flame         Conj/Fire      71%        6-21      0%          3
d - Inner Flame           Hex/Fire       71%        N/A       0%          3
e - Flame Wave            Conj/Fire      71%        2d13      1%          4
f - Sting                 Tmut/Pois      100%       1d8       0%          1
g - Call Imp              Summ           71%        N/A       0%          2
h - Stone Arrow           Conj/Erth      100%       3d13      0%          3
i - Summon Guardian Gole  Hex/Summ       71%        N/A       0%          3
j - Irradiate             Conj/Tmut      35%        3d25      1%          5
k - Iskenderun's Battles  Conj           71%        2d12      1%          5
Your spell library was empty.

Dungeon Overview and Level Annotations

Branches:
Dungeon (12/15)            Temple (0/1) D:7            Lair (0/6) D:11
    Orc (2/2) D:11            Elf (0/3) Orc:2         Sewer (visited)

Altars:
Dithmenos
Okawaru
Beogh

Shops:
D:11 =   D:12 *   Orc:2 (*[!


Innate Abilities, Weirdness & Mutations

You are immune to sickness and miasma.
You are immune to poison.
Your flesh is very heat resistant. (rF++)
You are vulnerable to cold. (rC-)
You float through the air rather than walking.
You learn spells naturally, not from books.
Your magical power is your life essence.
You have superior vitality. (+4 MHP)


Message History

The skeletal warrior hits you from afar with a +2 glaive of venom.
Casting: Summon Guardian Golem (safe; 0% risk of failure)
Confirm with . or Enter, or press ? or * to list all spells.
A shadowy apparition takes form in the air.
The skeletal warrior hits you from afar with a +2 glaive of venom!
Casting: Call Imp (safe; 0% risk of failure)
Confirm with . or Enter, or press ? or * to list all spells.
You conjure a globe of magical energy.
The skeletal warrior hits you from afar with a +2 glaive of venom!
The skeletal warrior hits your guardian golem with a +2 glaive of venom.
Your shadow imp barely misses the slime creature.
Your shadow imp hits the skeletal warrior but does no damage.
Casting: Iskenderun's Battlesphere (safe; 1% risk of failure)
Confirm with . or Enter, or press ? or * to list all spells.
Aiming: Inner Flame (safe; 0% risk of failure)
Press: ? - help, Dir - move target, f - slime creature
Aim: a slime creature (chance to affect: 91%)
The slime creature is filled with an inner flame.
Your shadow imp completely misses the skeletal warrior.
Casting: Foxfire (safe; 0% risk of failure)
Press: ? - help, Q - select action, (/) - cycle Dir - look around, f - activate You conjure some foxfire!
Your battlesphere fires!
The barrage of energy hits the slime creature!
Flame seeps out of the slime creature.
The slime creature is lightly wounded.
The slime creature is engulfed in blazing flames.
Flame seeps out of the slime creature.
The slime creature hits you! The skeletal warrior barely misses you.
Your shadow imp hits the skeletal warrior but does no damage.
The foxfire hits the slime creature but does no damage.
The slime creature is heavily wounded.
The foxfire hits the slime creature!
Flame seeps out of the slime creature.
The slime creature is heavily wounded.
The slime creature is engulfed in blazing flames.
Flame seeps out of the slime creature.
The slime creature hits you!
* * * LOW HITPOINT WARNING * * *
There is a stone staircase leading up here.
The skeletal warrior hits you from afar with a +2 glaive of venom!!
You die...

.....J.#.....
.............
........##........#
.......### .......
.........# #....#
.........# #...#
..##.....####..###
.####...)).......#
#####......)9.zJ@#
.##.#......).5..##
............*..##
..........)...##
##...........##
#.#...........#
#......#....###
##....##..###
#.########


You could see a skeletal warrior (ally target), a slime creature (inner flame,
ally target), a friendly guardian golem (summoned), a friendly battlesphere
(sheltered) and a friendly shadow imp (summoned, sheltered).

Vanquished Creatures
  An orc warlord (Orc:2)
  3 ogre magi (Orc:2)
  21 two-headed ogres
  2 death yaks (D:10)
  2 skeletal warriors (D:12)
  2 manticores
  An orc sorcerer (Orc:2)
  3 cyclopes
  2 centaur zombies (D:11)
  A troll (Orc:2)
  A shadow (D:11)
  3 wraiths
  16 yaks
  A wyvern (D:8)
  Eustachio (D:6)
  2 steam dragons (D:6)
  3 vampire mosquitoes (D:11)
  4 wargs (Orc:2)
  2 water moccasins
  2 ice beasts
  16 orc warriors
  2 sky beasts
  3 black bears
  22 ogres
  2 centaurs (D:6)
  3 bullfrogs
  A gnoll sergeant (D:9)
  A scorpion (D:7)
  17 wights
  3 killer bees (D:10)
  4 howler monkeys
  An electric eel (D:6)
  A jelly (D:5)
  A centaur skeleton (D:7)
  4 hounds
  11 orc priests
  A gnoll shaman (D:6)
  2 iguanas
  15 orc wizards
  Robin (D:1)
  A howler monkey skeleton (D:7)
  3 howler monkey zombies
  3 adders
  5 gnolls
  A river rat (D:3)
  2 shadow imps
  2 white imps (D:6)
  2 worms (D:4)
  4 dart slugs
  55 orcs
  2 ball pythons
  11 bats
  5 endoplasms
  5 giant cockroaches
  16 goblins
  12 hobgoblins
  A kobold (D:2)
  2 quokkas (D:2)
  A frilled lizard (D:3)
  12 rats
329 creatures vanquished.

Vanquished Creatures (collateral kills)
  An ogre mage (Orc:2)
1 creature vanquished.

Vanquished Creatures (others)
  A death yak (D:10)
  1331 foxfires
1332 creatures vanquished.

Grand Total: 1662 creatures vanquished

Notes
Turn   | Place    | Note
-------+----------+-------------------------------------------
     0 | D:1      | 101zpm the Djinni Fire Elementalist began the quest for the
                  | Orb.
     0 | D:1      | Reached XP level 1. HP: 15/15 MP: 0/0
   498 | D:1      | Reached XP level 2. HP: 12/21 MP: 0/0
  1079 | D:1      | Reached skill level 3 in Spellcasting
  1114 | D:1      | Reached XP level 3. HP: 12/25 MP: 0/0
  1114 | D:1      | Learned a level 1 spell: Sting
  2086 | D:2      | Reached XP level 4. HP: 27/31 MP: 0/0
  2124 | D:2      | Noticed Robin
  2707 | D:1      | Killed Robin
  3442 | D:2      | Reached XP level 5. HP: 30/35 MP: 0/0
  3442 | D:2      | Learned a level 2 spell: Call Imp
  4028 | D:3      | Reached skill level 4 in Spellcasting
  4188 | D:3      | Found a glowing drain.
  4206 | Sewer    | Entered a sewer
  4352 | Sewer    | Noticed a water moccasin
  4356 | Sewer    | Killed a water moccasin
  4357 | Sewer    | Reached XP level 6. HP: 16/40 MP: 0/0
  5076 | D:4      | Reached skill level 5 in Spellcasting
  5419 | D:4      | Reached XP level 7. HP: 40/46 MP: 0/0
  5419 | D:4      | Learned a level 3 spell: Stone Arrow
  5711 | D:4      | Found an iron altar of Okawaru.
  6383 | D:5      | Entered Level 5 of the Dungeon
  6705 | D:5      | Reached skill level 6 in Spellcasting
  7139 | D:5      | Reached XP level 8. HP: 31/51 MP: 0/0
  8000 | D:6      | Reached skill level 7 in Spellcasting
  8000 | D:6      | Noticed a two-headed ogre
  8004 | D:6      | Killed a two-headed ogre
  8005 | D:6      | Reached skill level 1 in Fighting
  8005 | D:6      | Reached skill level 8 in Spellcasting
  8005 | D:6      | Reached XP level 9. HP: 10/57 MP: 0/0
  8005 | D:6      | Learned a level 3 spell: Summon Guardian Golem
  8006 | D:6      | HP: 1/57 [steam dragon/ball of steam (5)]
  8737 | D:6      | Reached skill level 9 in Spellcasting
  8744 | D:6      | Noticed Eustachio
  8754 | D:6      | Killed Eustachio
  9740 | D:7      | Reached XP level 10. HP: 56/62 MP: 0/0
  9746 | D:7      | Reached skill level 10 in Spellcasting
 10462 | D:7      | Found a staircase to the Ecumenical Temple.
 10509 | D:7      | Found the +7 staff of the Meek {protect, meekguard}
 11510 | D:9      | Noticed a two-headed ogre
 11515 | D:9      | Killed a two-headed ogre
 11522 | D:9      | Reached skill level 11 in Spellcasting
 12524 | D:8      | Reached XP level 11. HP: 27/67 MP: 0/0
 12524 | D:8      | Learned a level 5 spell: Irradiate
 12532 | D:8      | Reached skill level 12 in Spellcasting
 12889 | D:8      | Noticed a two-headed ogre
 12896 | D:8      | Killed a two-headed ogre
 13258 | D:10     | Entered Level 10 of the Dungeon
 13375 | D:10     | Identified the +6 chain mail of Responsibility {Contam
                  | +Blink rElec Str-5}
 13977 | D:11     | Noticed a death yak
 13986 | D:11     | Noticed a death yak
 13987 | D:11     | Noticed a death yak
 14429 | D:10     | Killed a death yak
 14432 | D:10     | Killed a death yak
 14433 | D:10     | Reached skill level 13 in Spellcasting
 14526 | D:10     | Killed a death yak
 14669 | D:11     | Found a staircase to the Lair.
 14777 | D:11     | Noticed a manticore
 14784 | D:11     | Killed a manticore
 14796 | D:11     | Reached XP level 12. HP: 51/73 MP: 0/0
 14816 | D:11     | Noticed a two-headed ogre
 14827 | D:11     | HP: 3/73 [two-headed ogre/+0 dire flail (27)]
 15087 | D:11     | Found a shadowy altar of Dithmenos.
 15105 | D:11     | Found a staircase to the Orcish Mines.
 15215 | D:11     | Found Kinippah's Jewellery Shop.
 15327 | D:11     | Reached skill level 14 in Spellcasting
 15385 | Orc:1    | Entered Level 1 of the Orcish Mines
 15693 | Orc:2    | Entered Level 2 of the Orcish Mines
 15693 | Orc:2    | Found a staircase to the Elven Halls.
 15773 | Orc:2    | Noticed an orc warlord
 15778 | Orc:2    | Killed an orc warlord
 15819 | Orc:2    | Noticed a two-headed ogre
 15826 | Orc:2    | Killed a two-headed ogre
 16086 | Orc:2    | Noticed a two-headed ogre
 16091 | Orc:2    | Noticed a two-headed ogre
 16092 | Orc:2    | Killed a two-headed ogre
 16094 | Orc:2    | Noticed an ogre mage
 16096 | Orc:2    | Killed a two-headed ogre
 16096 | Orc:2    | Noticed a two-headed ogre
 16097 | Orc:2    | Reached skill level 15 in Spellcasting
 16098 | Orc:2    | Noticed a two-headed ogre
 16160 | Orc:2    | Noticed an ogre mage
 16160 | Orc:2    | Noticed a two-headed ogre
 16160 | Orc:2    | Noticed a two-headed ogre
 16225 | Orc:2    | Noticed a two-headed ogre
 16231 | Orc:2    | Killed a two-headed ogre
 16249 | Orc:2    | Killed an ogre mage
 16250 | Orc:2    | Reached XP level 13. HP: 74/78 MP: 0/0
 16250 | Orc:2    | Learned a level 5 spell: Iskenderun's Battlesphere
 16403 | Orc:2    | Killed an ogre mage
 16535 | Orc:2    | Noticed an ogre mage
 16540 | Orc:2    | Killed an ogre mage
 16546 | Orc:2    | Reached skill level 16 in Spellcasting
 16548 | Orc:2    | Paralysed by an orc sorcerer for 4 turns
 16732 | Orc:2    | Noticed an ogre mage
 16737 | Orc:2    | Paralysed by an ogre mage for 7 turns
 16738 | Orc:2    | Killed an ogre mage
 16970 | Orc:2    | Found Goisaami's Distillery.
 16970 | Orc:2    | Found Bachaemm's Assorted Antiques.
 16970 | Orc:2    | Found Xezxurann's Armour Emporium.
 16970 | Orc:2    | Found Nauwaxia's Weapon Boutique.
 17270 | D:12     | Found Pejuec's Assorted Antiques.
 17274 | D:12     | Bought a scroll labelled YSIUSI LAYCIQYIRGH for 38 gold
                  | pieces
 17274 | D:12     | Bought a fizzy red potion for 34 gold pieces
 17317 | D:12     | Reached skill level 17 in Spellcasting
 17317 | D:12     | Reached XP level 14. HP: 68/85 MP: 0/0
 17329 | D:12     | Mangled by a skeletal warrior

Illustrated notes

Levels and vault maps discovered:
D:1:      onia_arrival_mini_spirals, layout_loops_cross, minmay_misc_feat_five,
          minmay_3d_cube
D:2:      layout_rooms, serial_rivers, chequers_serial_rivers_marsh,
          chequers_serial_rivers_large_b, chequers_serial_rivers_micro_e,
          chequers_serial_rivers_marsh, uniq_robin
D:3:      layout_rooms, portal_sewer_entry_a
D:4:      layout_loops_corners, mainiacjoe_overflow_brackets,
          kennysheep_cluttered_room
D:5:      layout_basic
D:6:      wad_river_or_something, layout_rooms, st_stairs_14, uniq_eustachio
D:7:      layout_rooms, minmay_temple_entry_grid, pf_guarded_unrand_meek
D:8:      layout_basic
D:9:      layout_gridville, kennysheep_decorative_pillar,
          hangedman_decor_diamond_cutter, hangedman_abyss_or_decor_lesser_grid,
          roderic_cross_of_infinity
D:10:     layout_basic
D:11:     layout_long_grid, dpeg_lair_monsters, orc_0_dummy, serial_shops, shop,
          nicolae_dithmenos_shadow_blocks
D:12:     layout_cave_pools, serial_shops, nicolae_shop_trees,
          nicolae_trove_entry_free_sample
Orc:1:    layout_caves, basic_altar
Orc:2:    st_orc_ogre_mass, layout_caves

Skill      XL: |  1  2  3  4  5  6  7  8  9 10 11 12 13 |
---------------+----------------------------------------+-----
Spellcasting   | 3 4 5 6 8 9 11 13 15 17 | 17.0
Stealth        | 2 3 4 |  4.5
Fighting       | 1 2 |  2.5
Dodging        | 3 4 |  4.0

Action                   |  1- 3 |  4- 6 |  7- 9 | 10-12 | 13-15 || total
-------------------------+-------+-------+-------+-------+-------++-------
Melee: Quarterstaff      |       |       |       |     2 |       ||     2
 Cast: Foxfire           |    95 |   129 |   117 |   315 |   147 ||   803
       Scorch            |     7 |    19 |    33 |   108 |    30 ||   197
       Inner Flame       |       |     3 |    39 |   133 |    45 ||   220
       Call Imp          |       |     2 |       |     8 |     6 ||    16
       Summon Guardian G |       |       |     1 |    15 |     7 ||    23
       Stone Arrow       |       |       |       |     1 |       ||     1
       Sting             |       |       |       |     1 |       ||     1
       Iskenderun's Batt |       |       |       |       |    11 ||    11
       Irradiate         |       |       |       |       |     3 ||     3
  Use: Scroll            |       |       |       |     7 |       ||     7
Armor: Robe              |     2 |     8 |     5 |    13 |     2 ||    30
Dodge: Dodged            |       |    26 |     7 |    55 |     7 ||    95
